 Dungeon Crawl Stone Soup version 0.21-a0-88-g13b9641 (webtiles) character file.

376214 smhtbhfam the Severer (level 21, -12/213 HPs)
             Began as a Deep Dwarf Monk on June 26, 2017.
             Was the Champion of Makhleb.
             Mangled by a vault warden
             ... wielding a +0 war axe
              (14 damage)
             ... on level 5 of the Vaults on June 27, 2017.
             The game lasted 02:17:36 (19297 turns).

smhtbhfam the Severer (Deep Dwarf Monk)            Turns: 19297, Time: 02:17:36

Health: -12/213    AC: 29    Str: 23    XL:     21   Next: 45%
Magic:  22/22      EV: 19    Int: 13    God:    Makhleb [******]
Gold:   1151       SH: 15    Dex: 15    Spells: 23/32 levels left

rFire    + . .     SeeInvis .   a - +4 broad axe (flame)
rCold    + . .     Gourm    .   k - +0 shield {reflect} {Donald}
rNeg     + + .     Faith    +   U - +4 plate armour {rF+}
rPois    .         Spirit   .   p - +1 helmet
rElec    +         Reflect  +   Q - +0 cloak
rCorr    .         Harm     .   l - +1 pair of gloves
MR       +++..                  S - +0 pair of boots {Stlth+}
Stlth    +++.......             E - amulet "Suarod" {Faith rElec rN+ Slay+3}
HPRegen  0.00/turn              V - ring of protection from cold
MPRegen  0.18/turn              T - +5 ring of evasion

@: lethally poisoned (-12 -> -89), non-regenerating, mildly diseased
A: damage resistance, heal wounds, negative energy resistance 1, sense
surroundings 3, no regeneration
}: 3/15 runes: serpentine, barnacled, silver
a: Heal Wounds, Minor Destruction, Lesser Servant of Makhleb, Major Destruction,
Greater Servant of Makhleb, Renounce Religion


You were on level 5 of the Vaults.
You worshipped Makhleb.
Makhleb was exalted by your worship.
You were hungry.

You visited 8 branches of the dungeon, and saw 39 of its levels.
You visited the Abyss 1 time.
You also visited: Ossuary and Ice Cave.

You collected 3656 gold pieces.
You spent 2505 gold pieces at shops.

Inventory:

Hand Weapons
 a - a +4 broad axe of flaming (weapon)
 b - a +3 morningstar of holy wrath
Missiles
 e - 9 throwing nets (quivered)
Armour
 k - a +0 shield of reflection (worn) {Donald}
 l - a +1 pair of gloves (worn)
 p - a +1 helmet (worn)
 Q - a +0 cloak (worn)
 S - a +0 pair of boots of stealth (worn)
 U - a +4 plate armour of fire resistance (worn)
Jewellery
 q - an uncursed ring of protection from fire
 v - an uncursed ring of positive energy
 y - an uncursed ring of see invisible
 E - the amulet "Suarod" (around neck) {Faith rElec rN+ Slay+3}
   (You found it in an ice cave)

   [amulet of faith]

   It allows you to gain divine favour quickly.
   It affects your accuracy and damage with ranged weapons and melee attacks
   (+3).
   It insulates you from electricity.
   It protects you from negative energy.
 R - an uncursed ring of poison resistance
 T - a +5 ring of evasion (right hand)
 V - a ring of protection from cold (left hand)
Wands
 m - a wand of scattershot (3/9)
 t - a wand of confusion (28/48)
 x - a wand of paralysis (9/24)
 G - a wand of enslavement (24/24)
 H - a wand of digging (14/24)
 J - a wand of iceblast (6/15)
Scrolls
 g - 8 scrolls of remove curse {@r2}
 h - 2 scrolls of magic mapping
 j - 4 scrolls of teleportation
 n - 4 scrolls of recharging
 s - a scroll of identify {@r1}
 w - 6 scrolls of fog
 D - a scroll of summoning
 I - 2 scrolls of fear
 P - a scroll of blinking
Potions
 c - 15 potions of curing {@q1}
 f - a potion of flight
 i - 3 potions of agility
 r - 3 potions of berserk rage {!q}
 z - a potion of invisibility
 A - 8 potions of mutation {!q}
 B - 3 potions of cancellation
 F - 7 potions of heal wounds {@q2}
 K - a potion of resistance
 M - 2 potions of magic
 N - a potion of might
 X - 2 potions of haste
Miscellaneous
 o - a lightning rod (4/4)
 L - 4 boxes of beasts
 O - a lamp of fire
 W - 3 sacks of spiders
 Y - 2 phantom mirrors
Comestibles
 d - 14 bread rations
 u - 15 meat rations
 C - 17 royal jellies


   Skills:
 - Level 18.3 Fighting
 - Level 18.3 Axes
 + Level 14.3 Armour
 - Level 12.0 Dodging
 - Level 17.4 Stealth
 - Level 15.9 Shields
 - Level 6.0 Spellcasting
 * Level 2.5 Charms
 - Level 9.0 Translocations
 - Level 12.6 Invocations
 + Level 11.0 Evocations


You had 23 spell levels left.
You knew the following spells:

 Your Spells              Type           Power        Failure   Level  Hunger
a - Animate Skeleton      Necr           N/A          83%         1    None
b - Spectral Weapon       Hex/Chrm       #.......     95%         3    ###....
c - Song of Slaying       Chrm           ##......     63%         2    ##.....
A - Apportation           Tloc           ####..       3%          1    None
B - Blink                 Tloc           N/A          5%          2    ##.....


Dungeon Overview and Level Annotations

Branches:
Dungeon (14/15)            Temple (1/1) D:5            Lair (6/6) D:10
 Shoals (4/4) Lair:2        Snake (4/4) Lair:4          Orc (2/2) D:9
    Elf (3/3) Orc:2        Vaults (5/5) D:13
  Slime: Lair:5-6     Crypt: Vaults:2-3

Altars:
Ashenzari
Cheibriados
Dithmenos
Elyvilon
Gozag
Hepliaklqana
Kikubaaqudgha
Makhleb
Nemelex Xobeh
Okawaru
Qazlal
Ru
Sif Muna
Trog
Uskayaw
Vehumet
Wu Jian
Xom
Yredelemnul
Zin
The Shining One

Shops:
D:7 (   D:13 (   Orc:2 *(!}   Snake:4 %   Vaults:1 (=!

Portals:
Trove: D:14 (give 16 potions of curing)

Annotations:
D:3 zhorgal's ghost, amateur GrFi
D:13 vaults
D:14 open layout
Vaults:1 1 shop not found


Innate Abilities, Weirdness & Mutations

You are resistant to damage.
You can heal yourself by infusing magical energy.
You resist negative energy. (rN+)
You passively map a large area around you.
You do not regenerate.


Message History

The bolt of cold hits you! You resist.
* * * LOW HITPOINT WARNING * * *
A battlesphere comes into view.
Blink to where?
Press: ? - help, Dir - move target cursor, f - you, p - ancient lich
Okay, then.
Really read
Z - a scroll of holy word {!r}?
As you read the scroll of holy word {!r}, it crumbles to dust.
You speak a Word of immense power!
The ancient lich convulses! x2
You destroy the ancient lich!
Makhleb accepts your kill.
Your life force feels restored.
Your Charms skill increases to level 2!
Your Evocations skill increases to level 11!
The freezing wraith convulses!
* * * LOW HITPOINT WARNING * * *
You feel extremely sick.
The death drake changes into a cyclops!
The vault warden hits you with a war axe!!
You die...

#...Q.......,,,,,,,,,,,....
#....§......,,,,,,,,,,,....
#..)§§§§§...,,,,,,,,,,,....
#...§§§§.e..,,,,,,,,,,,....
#....#################*####
#...Hp##pHpWh.#.........#..
#..#.LSJ.*uTCp#.........#..
#..##...Q#)pTT.....#,......
#..*#....#@LCD.....#,......
#..#...#####CS#..#####..#..
#..#.....#.T.......#.......
*,,####..#.........#.......
*,,*,,#.......#......)..#,,
*,,*,,#.......#.........#,,
*,,*,,...#..#####[(#.)#####
*,,*,,#.......#....[..).#..
*,,*,,#......)#().()..))#).


You could see a shadow dragon, an ironheart preserver, an ancient lich (dazed),
a frost giant, a green very ugly thing, a sphinx, a stone giant, a vault warden,
a sea snake shaped shifter, 2 deep trolls, a cyclops shaped shifter, 2 ironbrand
convokers, a deep troll shaman, a freezing wraith (dazed), a hog shaped shifter
and a battlesphere.

Vanquished Creatures
  3 ancient liches (Vaults:5)
  2 golden dragons (Vaults:5)
  5 tentacled monstrosities
  Asterion (Snake:1)
  4 deep elf blademasters (Elf:3)
  A deep elf master archer (Elf:3)
  A lich (Vaults:3)
  3 titans (Vaults:5)
  Frances (D:12)
  A sphinx (Vaults:5)
  A tentacled starspawn (Abyss:5)
  3 storm dragons (Vaults:5)
  3 shadow dragons (Vaults:5)
  A fire giant (Vaults:5)
  Donald (Shoals:4)
  6 tengu reavers (Vaults:5)
  13 nagarajas
  5 vault wardens
  5 deep elf sorcerers
  2 frost giants
  Aizul (Snake:1)
  7 deep elf elementalists
  10 ironheart preservers
  A war gargoyle (Vaults:5)
  The ghost of Duffy the Basher, a journeyman FoCK of Xom (Lair:6)
  9 stone giants
  4 very ugly things
  Nessos (Lair:6)
  7 deep elf demonologists
  6 deep elf annihilators
  An ettin (Vaults:5)
  12 yaktaur captains
  7 merfolk impalers (Shoals:4)
  3 merfolk javelineers (Shoals:4)
  8 deep elf death magi
  A crystal guardian (Abyss:5)
  5 fire dragons
  9 deep elf high priests
  2 great orbs of eyes
  A rakshasa (Abyss:5)
  15 naga warriors
  29 vault guards
  3 ice dragons
  3 merfolk avatars
  A hydra (Lair:6)
  23 anacondas
  14 two-headed ogres
  5 centaur warriors
  An alligator snapping turtle (Shoals:4)
  A satyr (Shoals:4)
  7 dancing weapons
  8 ogre magi
  3 hell hogs (Abyss:5)
  A merfolk aquamancer (Shoals:4)
  9 death yaks
  A titan zombie (Abyss:5)
  Urug (Lair:4)
  10 naga sharpshooters
  An orc high priest (Elf:1)
  A sun demon (Abyss:5)
  6 shock serpents
  11 deep elf knights
  2 wretched stars (Abyss:5)
  5 small abominations
  2 salamander mystics
  A spatial maelstrom (Abyss:5)
  8 sea snakes
  A death drake (shapeshifter) (Vaults:1)
  A glowing orange brain (Vaults:3)
  4 deep trolls
  6 wizards
  9 naga ritualists
  A phantasmal warrior (Vaults:5)
  6 ironbrand convokers
  4 deep elf archers
  2 starcursed masses (Abyss:5)
  3 necromancers
  5 harpies (Shoals:4)
  A lindwurm (D:11)
  34 deep elf magi
  6 orc knights
  6 mana vipers
  5 wolf spiders
  An orc sorcerer (Elf:1)
  7 cyclopes
  6 salamanders
  4 fauns (Shoals:1)
  3 manticores
  13 ugly things
  8 merfolk sirens (Shoals:4)
  17 guardian serpents
  4 vault sentinels
  32 black mambas
  2 water nymphs (Shoals:4)
  14 naga magi
  13 spiny frogs
  3 centaur skeletons
  7 elephants
  A smoke demon (Abyss:5)
  A torpor snail (Lair:5)
  A spiny frog (shapeshifter) (Vaults:3)
  An orange demon (Abyss:5)
  A gargoyle (D:10)
  A komodo dragon (Lair:6)
  6 rime drakes
  22 yaktaurs
  A rime drake (shapeshifter) (Vaults:1)
  2 ancient zymes (Abyss:5)
  3 freezing wraiths
  2 demonic crawlers (D:14)
  4 trolls
  A jumping spider (shapeshifter) (Vaults:5)
  Prince Ribbit (D:9)
  17 merfolk
  4 wind drakes
  A polar bear (shapeshifter) (Vaults:1)
  A queen bee (Lair:1)
  5 large abominations (Abyss:5)
  3 raiju (Abyss:5)
  A snapping turtle (shapeshifter) (Vaults:5)
  12 blink frogs
  4 snapping turtles
  10 slime creatures
  3 dream sheep (Shoals:4)
  A stone giant simulacrum (Vaults:1)
  7 hippogriffs
  5 water elementals
  A vampire (D:13)
  A redback (shapeshifter) (Vaults:3)
  An air elemental (Elf:3)
  2 wyverns
  21 yaks
  5 wraiths
  19 humans (D:13)
  7 vampire mosquitoes
  3 basilisks
  A fire elemental (Elf:3)
  A basilisk (shapeshifter) (Vaults:1)
  3 hungry ghosts (D:9)
  5 wargs
  42 nagas
  3 acid dragons
  2 hell hounds (D:10)
  8 porcupines
  8 water moccasins
  16 ice beasts
  A phantom (D:9)
  29 orc warriors
  7 sky beasts
  2 black bears
  6 wolves (Lair:6)
  36 ogres
  5 boggarts (Vaults:3)
  A centaur (D:8)
  8 crocodiles
  3 big kobolds
  12 bullfrogs
  2 wyvern skeletons
  A scorpion (D:10)
  A swamp dragon simulacrum (Abyss:5)
  25 killer bees (Lair:1)
  A troll zombie (D:9)
  5 wights
  3 howler monkeys (D:10)
  4 centaur zombies
  3 crimson imps
  A lava snake (D:11)
  A jelly (D:6)
  A quasit (D:9)
  15 orc priests
  27 orc wizards
  2 bullfrog zombies
  4 hounds
  An iguana (D:5)
  5 worker ants
  2 big kobold zombies (Ossuary)
  9 ogre zombies
  3 hound skeletons
  7 mummies (Ossuary)
  A howler monkey zombie (D:9)
  7 gnolls
  6 adders
  2 shadow imps
  3 adder zombies (Ossuary)
  A worm (D:4)
  4 adder skeletons
  2 dart slugs (D:4)
  A leopard gecko (D:3)
  68 orcs
  7 bats
  2 giant cockroaches
  5 goblins
  5 hobgoblins
  10 jackals
  22 kobolds
  5 quokkas
  2 frilled lizards
  2 goblin skeletons (D:9)
  8 goblin zombies
  4 hobgoblin skeletons (D:9)
  6 hobgoblin zombies
  A jackal skeleton (D:4)
  2 kobold zombies (Ossuary)
  2 orc skeletons (D:9)
  13 orc zombies
  A quokka skeleton (D:4)
  3 quokka zombies (Ossuary)
  6 rats
  6 rat zombies
  6 crawling corpses
  3 fungi
  8 plants
  A starspawn tentacle (Abyss:5)
1287 creatures vanquished.

Vanquished Creatures (collateral kills)
  Jorgrun (Shoals:4)
  An orc warlord (Orc:2)
  3 deep elf annihilators (Elf:3)
  3 merfolk impalers (Shoals:4)
  A merfolk javelineer (Shoals:4)
  A naga warrior (Snake:1)
  4 two-headed ogres (Orc:2)
  A merfolk aquamancer (Shoals:4)
  An ogre mage (Orc:2)
  A deep elf archer (Elf:3)
  2 cyclopes (Shoals:4)
  2 water nymphs (Shoals:4)
  A black mamba (Lair:6)
  2 merfolk sirens
  5 merfolk (Shoals:4)
  3 dream sheep (Shoals:4)
  An orc warrior (Orc:2)
  8 ogres (Orc:2)
  A centaur (Shoals:4)
  An orc priest (Orc:2)
  A plant (Shoals:4)
44 creatures vanquished.

Vanquished Creatures (others)
  A stone giant (Vaults:5)
  2 merfolk aquamancers (Shoals:4)
  A hell hog (Abyss:5)
  A deep elf knight (Elf:3)
  A deep elf archer (Vaults:5)
  A large abomination (Abyss:5)
  4 yaktaurs
  2 centaurs (Vaults:1)
  An orc (D:10)
  A crawling corpse (Elf:3)
  5 fungi
  2 plants
  2 starspawn tentacles (Abyss:5)
24 creatures vanquished.

Grand Total: 1355 creatures vanquished

Notes
Turn   | Place    | Note
-------+----------+-------------------------------------------
     0 | D:1      | smhtbhfam the Deep Dwarf Monk began the quest for the Orb.
     0 | D:1      | Reached XP level 1. HP: 20/20 MP: 1/1
     0 | D:1      | i'll unlearn how to play dcss because of all these deep dwarves
     1 | D:1      | Noticed an electric eel
    70 | D:1      | Found a glowing golden altar of the Shining One.
   155 | D:2      | Reached XP level 2. HP: 25/27 MP: 2/2
   165 | D:2      | Found an opulent altar of Gozag.
   194 | D:2      | Reached skill level 4 in Axes
   246 | D:2      | Found a white marble altar of Elyvilon.
   435 | D:2      | Reached XP level 3. HP: 25/33 MP: 3/3
   451 | D:2      | Found a snail-covered altar of Cheibriados.
   464 | D:3      | d:3 great sword
   464 | D:3      | oh well
   506 | D:3      | Reached skill level 5 in Axes
   506 | D:3      | Reached XP level 4. HP: 26/40 MP: 4/4
   582 | D:3      | Noticed zhorgal's ghost (amateur GrFi)
   651 | D:4      | HP: 5/40 [worm (5)]
   738 | D:4      | Found a bloodstained altar of Trog.
   768 | D:4      | Reached skill level 6 in Axes
   940 | D:3      | Reached XP level 5. HP: 32/46 MP: 5/5
  1020 | D:5      | Entered Level 5 of the Dungeon
  1068 | D:5      | Found a staircase to the Ecumenical Temple.
  1084 | Temple   | Entered the Ecumenical Temple
  1232 | D:5      | Noticed an ice beast
  1253 | D:5      | HP: 8/46 [ice beast (11)]
  1282 | D:5      | HP: 9/46 [ice beast (9)]
  1284 | D:5      | Killed an ice beast
  1284 | D:5      | Reached skill level 7 in Axes
  1284 | D:5      | Reached XP level 6. HP: 10/55 MP: 4/4
  1350 | D:5      | Found a sand-covered staircase.
  1370 | Ossuary  | Entered an ossuary
  1475 | Ossuary  | HP: 11/55 [mummy (6)]
  1510 | Ossuary  | Reached skill level 8 in Axes
  1733 | Ossuary  | Reached skill level 3 in Fighting
  1733 | Ossuary  | Reached skill level 1 in Armour
  1803 | Ossuary  | Reached XP level 7. HP: 22/62 MP: 4/4
  1822 | Ossuary  | HP: 9/62 [mummy (13)]
  2045 | D:4      | Reached skill level 2 in Armour
  2113 | D:5      | Found a shadowy altar of Dithmenos.
  2214 | D:6      | HP: 10/62 [acid (8)]
  2389 | D:7      | Reached skill level 9 in Axes
  2402 | D:7      | Found a sacrificial altar of Ru.
  2476 | D:7      | Found an iron altar of Okawaru.
  2512 | D:7      | Reached skill level 3 in Armour
  2537 | D:7      | Found an ornate altar of the Wu Jian Council.
  2600 | D:7      | Found Equ Wupn's Antique Weapon Shop.
  2613 | D:7      | Bought a glowing war axe for 130 gold pieces
  2712 | D:6      | Reached skill level 4 in Fighting
  2712 | D:6      | Reached XP level 8. HP: 40/72 MP: 4/4
  3001 | D:7      | You fall through a shaft for 2 floors!
  3001 | D:9      | Found a burning altar of Makhleb.
  3006 | D:9      | Became a worshipper of Makhleb the Destroyer
  3006 | D:9      | Reached * piety under Makhleb
  3006 | D:9      | Reached ** piety under Makhleb
  3007 | D:9      | so, good thing: i found makhleb
  3007 | D:9      | bad thing: i got shafted straight into an orc warrior pack
  3213 | D:8      | Found a shimmering altar of Xom.
  3253 | D:8      | Reached skill level 4 in Armour
  3343 | D:9      | Reached skill level 10 in Axes
  3426 | D:9      | Reached skill level 5 in Fighting
  3444 | D:9      | Reached skill level 5 in Armour
  3475 | D:9      | Reached *** piety under Makhleb
  3478 | D:9      | Gained mutation: You passively map the area around you. [Deep Dwarf growth]
  3478 | D:9      | Reached XP level 9. HP: 63/81 MP: 5/5
  3499 | D:9      | Reached skill level 11 in Axes
  3515 | D:9      | Noticed Prince Ribbit
  3524 | D:9      | Killed Prince Ribbit
  3524 | D:9      | Reached skill level 4 in Dodging
  3539 | D:9      | Found a staircase to the Orcish Mines.
  3574 | D:9      | Reached **** piety under Makhleb
  3645 | D:9      | Reached skill level 5 in Dodging
  3659 | D:9      | Found a glowing silver altar of Zin.
  3765 | D:10     | Entered Level 10 of the Dungeon
  3798 | D:10     | Reached skill level 6 in Fighting
  3798 | D:10     | Reached skill level 2 in Invocations
  3846 | D:10     | Reached skill level 12 in Axes
  3848 | D:10     | HP: 13/85 [hell hound/blast of flame (13)]
  3851 | D:10     | HP: 3/85 [orc warrior/mace (21)]
  3857 | D:10     | Reached skill level 3 in Invocations
  3904 | D:10     | Found a staircase to the Lair.
  4074 | D:11     | Reached XP level 10. HP: 62/92 MP: 8/8
  4112 | D:11     | Reached skill level 7 in Fighting
  4268 | D:13     | Found Weiraqam's Weapon Shoppe.
  4375 | D:13     | Reached skill level 4 in Invocations
  4406 | D:14     | Reached ***** piety under Makhleb
  4415 | D:13     | HP: 16/94 [troll (7)]
  4441 | D:13     | Reached skill level 5 in Invocations
  4481 | D:13     | Reached skill level 8 in Fighting
  4558 | D:13     | Noticed a cyclops
  4582 | D:13     | Killed a cyclops
  4713 | D:12     | Noticed a red ugly thing
  4745 | D:11     | Noticed a two-headed ogre
  4754 | D:11     | Killed a two-headed ogre
  4754 | D:11     | Reached skill level 2 in Evocations
  4878 | D:10     | Noticed a gargoyle
  4884 | D:10     | Killed a gargoyle
  4884 | D:10     | Reached skill level 13 in Axes
  5102 | D:10     | Reached XP level 11. HP: 76/103 MP: 10/10
  5133 | D:10     | Reached skill level 6 in Dodging
  5199 | D:10     | Reached skill level 6 in Armour
  5321 | Lair:1   | Entered Level 1 of the Lair of Beasts
  5326 | Lair:1   | Reached skill level 3 in Evocations
  5376 | Lair:1   | HP: 18/103 [blink frog (9)]
  5424 | Lair:1   | HP: 20/103 [blink frog (4)]
  5523 | Lair:2   | Found a staircase to the Shoals.
  5594 | Lair:1   | Reached skill level 4 in Evocations
  5694 | Lair:1   | Reached skill level 7 in Dodging
  5779 | Lair:1   | Reached skill level 7 in Armour
  5781 | Lair:1   | Reached skill level 5 in Evocations
  5799 | Lair:1   | Reached skill level 14 in Axes
  5866 | Lair:1   | Learned a level 1 spell: Animate Skeleton
  5868 | Lair:1   | Learned a level 1 spell: Apportation
  5922 | Lair:1   | Reached skill level 6 in Invocations
  6060 | Lair:2   | Reached ****** piety under Makhleb
  6122 | Lair:2   | Reached skill level 9 in Fighting
  6128 | Lair:2   | Reached skill level 7 in Invocations
  6128 | Lair:2   | Reached XP level 12. HP: 102/114 MP: 12/12
  6423 | Lair:4   | Noticed a death yak
  6423 | Lair:4   | Noticed a death yak
  6446 | Lair:3   | HP: 19/115 [death yak (22)]
  6453 | Lair:3   | Killed a death yak
  6584 | Lair:4   | Noticed Urug
  6605 | Lair:4   | Killed Urug
  6605 | Lair:4   | Reached skill level 10 in Fighting
  6648 | Lair:4   | Noticed a death yak
  6655 | Lair:4   | Noticed a death yak
  6656 | Lair:4   | Noticed a death yak
  6656 | Lair:4   | Noticed a death yak
  6680 | Lair:4   | Killed a death yak
  6798 | Lair:4   | Found a staircase to the Snake Pit.
  7138 | Lair:5   | Found a frozen archway.
  7142 | Lair:5   | Reached skill level 1 in Shields
  7155 | IceCv    | Entered an ice cave
  7160 | IceCv    | Reached skill level 15 in Axes
  7160 | IceCv    | Reached skill level 2 in Shields
  7277 | IceCv    | Reached skill level 3 in Shields
  7358 | IceCv    | Reached skill level 4 in Shields
  7392 | IceCv    | Noticed an ice dragon
  7392 | IceCv    | Noticed an ice dragon
  7413 | IceCv    | Killed an ice dragon
  7413 | IceCv    | Reached skill level 5 in Shields
  7414 | IceCv    | Killed an ice dragon
  7463 | IceCv    | Got a heavily runed silver amulet
  7464 | IceCv    | Identified the amulet "Suarod" {Faith rElec rN+ Slay+3} (You found it in an ice cave)
  7466 | IceCv    | not the fan of faith, but the rest is nice
  7695 | Lair:6   | Entered Level 6 of the Lair of Beasts
  7700 | Lair:6   | Noticed Nessos
  7710 | Lair:5   | Reached skill level 6 in Shields
  7793 | Lair:6   | Reached skill level 7 in Shields
  7796 | Lair:6   | Reached XP level 13. HP: 123/123 MP: 12/12
  7805 | Lair:6   | Killed Nessos
  7805 | Lair:6   | Reached skill level 8 in Shields
  7868 | Lair:6   | Noticed Duffy's ghost (journeyman FoCK)
  7915 | Lair:6   | Killed Duffy's ghost
  8113 | Lair:6   | Reached skill level 8 in Armour
  8215 | Lair:4   | Reached skill level 9 in Shields
  8227 | Lair:4   | Reached skill level 16 in Axes
  8445 | Lair:6   | Reached skill level 9 in Armour
  8451 | Lair:6   | Noticed a dire elephant
  8451 | Lair:6   | Noticed a dire elephant
  8458 | Lair:6   | Noticed a dire elephant
  8697 | Orc:1    | Entered Level 1 of the Orcish Mines
  8826 | Orc:2    | Entered Level 2 of the Orcish Mines
  8968 | Orc:2    | Noticed an orc warlord
  9051 | Orc:2    | Killed an orc warlord
  9076 | Orc:2    | Reached skill level 10 in Shields
  9149 | Orc:2    | Gained mutation: You resist negative energy. (rN+) [Deep Dwarf growth]
  9149 | Orc:2    | Reached XP level 14. HP: 112/133 MP: 12/12
  9153 | Orc:2    | Reached skill level 10 in Armour
  9204 | Orc:2    | Reached skill level 11 in Fighting
  9272 | Orc:2    | Found a staircase to the Elven Halls.
  9500 | Orc:2    | Found Othatz's General Store.
  9500 | Orc:2    | Found Sairel's Distillery.
  9500 | Orc:2    | Found Wuattieb's Weapon Boutique.
  9500 | Orc:2    | Found Qoidghado's Gadget Emporium.
  9509 | Orc:2    | Bought a box of beasts for 240 gold pieces
  9509 | Orc:2    | Bought a sack of spiders for 240 gold pieces
  9509 | Orc:2    | Bought a sack of spiders for 240 gold pieces
  9510 | Orc:2    | Bought a potion of mutation for 80 gold pieces
  9510 | Orc:2    | Bought a potion of curing for 30 gold pieces
  9510 | Orc:2    | Bought a potion of haste for 100 gold pieces
  9510 | Orc:2    | Bought a potion of curing for 30 gold pieces
  9510 | Orc:2    | Bought a potion of curing for 30 gold pieces
  9510 | Orc:2    | Bought a potion of mutation for 80 gold pieces
  9510 | Orc:2    | Bought a potion of haste for 100 gold pieces
  9510 | Orc:2    | Bought a potion of berserk rage for 50 gold pieces
  9510 | Orc:2    | Bought a potion of curing for 30 gold pieces
  9512 | Orc:2    | Bought a phantom mirror for 360 gold pieces
  9524 | Orc:2    | Identified a scroll of acquirement
  9525 | Orc:2    | Got a translucent buckler
  9536 | Orc:2    | Identified the +3 buckler "Riapash" {Int+4 Slay+3} (You acquired it on level 2 of the Orcish Mines)
 10023 | D:12     | Noticed Frances
 10033 | D:12     | Killed Frances
 10033 | D:12     | Reached skill level 11 in Shields
 10297 | D:14     | Reached skill level 8 in Dodging
 10422 | D:14     | Found a portal to a secret trove of treasure.
 10426 | D:14     | trove: 16 !curing
 10719 | Snake:1  | Entered Level 1 of the Snake Pit
 10834 | Snake:1  | Noticed Aizul
 10859 | Snake:1  | Killed Aizul
 10859 | Snake:1  | Reached skill level 6 in Evocations
 10905 | Snake:1  | Reached skill level 7 in Evocations
 10956 | Snake:1  | Reached XP level 15. HP: 144/144 MP: 6/13
 10989 | Snake:2  | Reached skill level 17 in Axes
 11171 | Snake:2  | Reached skill level 8 in Evocations
 11195 | Snake:2  | Noticed a nagaraja
 11200 | Snake:2  | Noticed a nagaraja
 11206 | Snake:2  | Reached skill level 12 in Fighting
 11347 | Snake:1  | Noticed Asterion
 11399 | Snake:1  | Killed Asterion
 11502 | Snake:2  | Killed a nagaraja
 11554 | Snake:2  | Killed a nagaraja
 11584 | Snake:2  | Noticed a nagaraja
 11609 | Snake:2  | Killed a nagaraja
 11693 | Snake:3  | Reached skill level 18 in Axes
 11693 | Snake:3  | Reached skill level 12 in Shields
 11839 | Snake:4  | Entered Level 4 of the Snake Pit
 11903 | Snake:4  | Reached skill level 11 in Armour
 11954 | Snake:4  | Reached XP level 16. HP: 105/154 MP: 14/14
 11991 | Snake:4  | Found Jiwnazuy's Food Shoppe.
 12052 | Snake:3  | Reached skill level 13 in Shields
 12459 | Snake:4  | Reached skill level 13 in Fighting
 12539 | Snake:4  | Reached skill level 14 in Shields
 12588 | Snake:4  | Reached skill level 12 in Armour
 12704 | Snake:4  | Reached skill level 15 in Shields
 12786 | Snake:4  | Got a serpentine rune of Zot
 12867 | Snake:4  | Reached skill level 9 in Dodging
 12917 | Snake:2  | Reached XP level 17. HP: 126/165 MP: 15/15
 13079 | Shoals:1 | Entered Level 1 of the Shoals
 13295 | Shoals:4 | Entered Level 4 of the Shoals
 13311 | Shoals:4 | Found a runed door.
 13467 | Shoals:4 | Reached skill level 10 in Dodging
 13600 | Shoals:4 | Learned a level 2 spell: Blink
 13693 | Shoals:4 | Reached skill level 14 in Fighting
 13839 | Shoals:4 | Reached skill level 1 in Translocations
 13847 | Shoals:4 | Reached skill level 13 in Armour
 13850 | Shoals:4 | Noticed Jorgrun
 13851 | Shoals:4 | Reached skill level 2 in Translocations
 13867 | Shoals:4 | Killed Jorgrun
 13873 | Shoals:4 | Reached skill level 11 in Dodging
 13873 | Shoals:4 | Reached skill level 3 in Translocations
 13923 | Shoals:4 | HP: 32/166 [poisoned by a merfolk impaler]
 13990 | Shoals:4 | Reached skill level 4 in Translocations
 13995 | Shoals:4 | Got a barnacled rune of Zot
 14001 | Shoals:4 | Noticed Donald
 14023 | Shoals:4 | Killed Donald
 14053 | Shoals:4 | >15 throwing nets
 14053 | Shoals:4 | fucking shoals
 14053 | Shoals:4 | and i didn't even explore it
 14151 | Shoals:4 | Reached skill level 5 in Translocations
 14250 | Shoals:4 | Reached skill level 6 in Translocations
 14430 | Elf:1    | Entered Level 1 of the Elven Halls
 14502 | Elf:1    | Reached skill level 7 in Translocations
 14561 | Elf:1    | Got a polished war axe
 14562 | Elf:1    | Identified the +1 war axe "Xovvyena" {freeze, Dex+3} (You found it on level 1 of the Elven Halls)
 14692 | Elf:1    | Reached skill level 8 in Translocations
 14952 | Elf:3    | Entered Level 3 of the Elven Halls
 14957 | Elf:3    | Gained mutation: You passively map a large area around you. [Deep Dwarf growth]
 14957 | Elf:3    | Reached XP level 18. HP: 175/175 MP: 16/16
 14984 | Elf:3    | Reached skill level 9 in Translocations
 15120 | Elf:3    | Reached skill level 3 in Stealth
 15156 | Elf:3    | Found a deep blue altar of Sif Muna.
 15258 | Elf:3    | Reached skill level 4 in Stealth
 15303 | Elf:3    | Reached skill level 8 in Invocations
 15313 | Elf:3    | Reached skill level 5 in Stealth
 15369 | Elf:2    | Reached skill level 6 in Stealth
 15593 | Elf:3    | Reached skill level 7 in Stealth
 15596 | Elf:3    | Reached skill level 9 in Invocations
 15632 | Elf:3    | Reached skill level 15 in Fighting
 15632 | Elf:3    | Reached skill level 8 in Stealth
 15758 | Elf:3    | Reached skill level 9 in Stealth
 15764 | Elf:3    | Noticed an Ice Fiend
 15790 | Elf:3    | Reached skill level 10 in Invocations
 15802 | Elf:3    | Identified the ring "Geev" {Ice MR++ MP+9 Str+4 Slay-3} (You took it off a deep elf annihilator on level 3 of the Elven Halls)
 15803 | Elf:3    | ALMOST good
 15803 | Elf:3    | almost
 15842 | Elf:3    | Reached skill level 10 in Stealth
 16136 | Elf:3    | Learned a level 3 spell: Spectral Weapon
 16139 | Elf:3    | Learned a level 2 spell: Song of Slaying
 16577 | D:13     | Reached skill level 11 in Stealth
 16638 | D:13     | Found a gate to the Vaults.
 16687 | Vaults:1 | Entered Level 1 of the Vaults
 16788 | Vaults:1 | Reached XP level 19. HP: 188/188 MP: 19/19
 16827 | Vaults:1 | Reached skill level 11 in Invocations
 16841 | Vaults:1 | Reached skill level 12 in Stealth
 16842 | Vaults:1 | Reached skill level 16 in Fighting
 16863 | Vaults:1 | Found Qygeen's Jewellery Shoppe.
 17026 | Vaults:1 | Found Naqum's Weapon Boutique.
 17037 | Vaults:1 | Reached skill level 13 in Stealth
 17257 | Vaults:1 | Reached skill level 12 in Invocations
 17403 | Vaults:1 | Found Tuleluz's Distillery.
 17406 | Vaults:1 | Bought a potion of resistance for 170 gold pieces
 17412 | Vaults:1 | Bought a potion of curing for 51 gold pieces
 17412 | Vaults:1 | Bought a potion of heal wounds for 85 gold pieces
 17412 | Vaults:1 | Bought a potion of curing for 51 gold pieces
 17412 | Vaults:1 | Bought 2 potions of mutation for 272 gold pieces
 17412 | Vaults:1 | Bought a potion of cancellation for 136 gold pieces
 17445 | Vaults:1 | Reached skill level 14 in Stealth
 17965 | Vaults:3 | Noticed a Tzitzimitl
 17993 | Vaults:3 | Reached skill level 17 in Fighting
 18055 | Vaults:2 | Reached skill level 15 in Stealth
 18276 | Vaults:5 | Entered Level 5 of the Vaults
 18313 | Vaults:4 | Reached XP level 20. HP: 181/201 MP: 21/21
 18316 | Vaults:4 | Reached skill level 16 in Stealth
 18337 | Vaults:5 | Noticed an ancient lich
 18338 | Vaults:5 | Noticed a golden dragon
 18340 | Vaults:5 | Noticed an ancient lich
 18358 | Vaults:5 | Killed an ancient lich
 18385 | Vaults:5 | Killed an ancient lich
 18385 | Vaults:5 | Reached skill level 12 in Dodging
 18410 | Vaults:5 | Killed a golden dragon
 18448 | Vaults:5 | Reached skill level 17 in Stealth
 18486 | Vaults:5 | Reached skill level 18 in Fighting
 18644 | Vaults:5 | Got a silver rune of Zot
 18645 | Vaults:5 | so i ended up killing everything anyway
 18645 | Vaults:5 | how nice
 18811 | Vaults:5 | Reached skill level 1 in Spellcasting
 18837 | Vaults:5 | Reached skill level 2 in Spellcasting
 18837 | Vaults:5 | Reached skill level 9 in Evocations
 18865 | Vaults:5 | Reached skill level 3 in Spellcasting
 18872 | Vaults:5 | Noticed a golden dragon
 18893 | Vaults:5 | Killed a golden dragon
 18893 | Vaults:5 | Reached XP level 21. HP: 159/213 MP: 22/22
 18993 | Vaults:5 | Reached skill level 4 in Spellcasting
 19063 | Vaults:5 | Reached skill level 10 in Evocations
 19074 | Vaults:5 | Noticed an ancient lich
 19080 | Vaults:5 | Reached skill level 5 in Spellcasting
 19092 | Vaults:5 | Noticed an ancient lich
 19092 | Vaults:5 | Cast into level 5 of the Abyss (an ancient lich)
 19092 | Abyss:5  | Entered Level 5 of the Abyss
 19155 | Abyss:5  | Reached skill level 14 in Armour
 19259 | Abyss:5  | Reached skill level 6 in Spellcasting
 19276 | Abyss:5  | Reached skill level 1 in Charms
 19281 | Vaults:5 | Escaped the Abyss
 19296 | Vaults:5 | HP: 39/213 [poisoned by a tengu reaver (bolt of poison)]
 19296 | Vaults:5 | HP: 9/213 [frost giant/bolt of cold (25)]
 19297 | Vaults:5 | Killed an ancient lich
 19297 | Vaults:5 | Reached skill level 2 in Charms
 19297 | Vaults:5 | Reached skill level 11 in Evocations
 19297 | Vaults:5 | HP: 2/213 [poisoned by a tengu reaver (bolt of poison)]
 19297 | Vaults:5 | Mangled by a vault warden

Vault maps used:
D:1:      arrival_aquarium_a, st_stairs_10, hangedman_decor_opposing,
          tso_metal_star
D:2:      grunt_gozag_breadcrumbs, kennysheep_slug_shrine, elyvilon_altar_1
D:3:      lemuel_round_altar, hex_medium, uniq_grinder
D:4:      first_bread, grunt_ministairs_12, kennysheep_crisscross,
          trog_hazing_becter
D:5:      nicolae_dithmenos_the_darkroom, minmay_temple_entry_overgrown,
          enter_ossuary_4, serial_bayou_ford_a
D:6:      marbit_many_paths
D:7:      kennysheep_little_box, okawaru_ov_weapons_minmay,
          nicolae_overflow_crystal_walls, serial_shops, shop_statue,
          nicolae_shop_behind_doors
D:8:      nicolae_overflow_hidden_temple, serial_bayou, serial_bayou_pond_d,
          serial_bayou_pond_d, serial_bayou_shore_b, serial_bayou_pond_a
D:9:      zin_academy, old_standard_altar, zombieorc2_lemuel,
          uniq_prince_ribbit1
D:10:     minmay_lair_entry_lava, grunt_ogre_cave
D:11:     lemuel_flame_loot_2
D:12:     uniq_frances
D:13:     grunt_vaults_entry_tiered, serial_shops, shop
D:14:     enter_trove_5, einodemon_crawler_minivault
Temple:   minmay_temple_curvy_loop
Lair:1:   minivault_19, beast_lair_carwin_6
Lair:2:   elwin_shoals_entry_rocks, grunt_megastairs_3, lemuel_fruit_fields
Lair:4:   dummy_snake_entry, uniq_urug
Lair:5:   dragon1_lemuel, portal_ice_cave_rime, st_stairs_12, lemuel_fruit_tree,
          uniq_kirke
Lair:6:   due_jungle_book, nicolae_slime_entry_slimehenge, st_stairs_3,
          grunt_megastairs_5, uniq_nessos
Shoals:1: cheibrodos_shoals_gigantism, serial_shops,
          nicolae_shop_overgrown_old_shop
Shoals:3: uniq_polyphemus
Shoals:4: shoals_end_grunt_ice, shoals_ilsuiw_alternative, lightli_airlock,
          uniq_jorgrun, uniq_donald
Snake:1:  nicolae_snakescales, uniq_aizul, uniq_asterion
Snake:2:  nicolae_aizul_guard
Snake:3:  serial_shops, shop, basic_stair_grate_trap
Snake:4:  grunt_snake_rune_serpentine_throne, serial_shops, shop
Orc:1:    abandoned_shop
Orc:2:    st_orc_ogre_mass
Elf:1:    eino_elf_arrival_sip, minmay_elf_crystal_hexagon
Elf:2:    serial_shops, shop, minivault_11
Elf:3:    minmay_elf_hall_quartered_circle, basic_altar
Vaults:1: v_pattern_1, vaults_dpeg_cross, v_misc_26, dpeg_vaults_monster_row,
          hangedman_vaults_river_flow, v_rooms_6,
          nicolae_vaults_network_barrier, nicolae_vaults_display_case,
          vaults_mumra_lcd, serial_shops, shop, nicolae_shop_behind_doors, shop
Vaults:2: vaults_mumra_hexcomb, nicolae_vaults_inception_scallops,
          nicolae_vaults_border_crossing, ontoclasm_vaults_ring_square,
          v_pattern_4, vaults_room_pools, uniq_bai_suzhen, uniq_boris
Vaults:3: grunt_vaults_diagonal, vaults_mumra_minichess, v_misc_27,
          nicolae_vaults_inception_corners, nicolae_vaults_holding_cells,
          nicolae_vaults_network_periphery, vaults_room_ringed_pool,
          dpeg_vaults_monster_box, hangedman_vaults_capsules,
          nicolae_vaults_little_squares_1, vaults_room_door_ring
Vaults:4: nicolae_vaults_stairing_the_circle, nicolae_vaults_big_ls,
          ontoclasm_vaults_fault, v_misc_30, v_misc_3
Vaults:5: serial_shops
Abyss:5:  evilmike_nicolae_abyss_rune_containment_curve
Ossuary:  ossuary_boxes_badplayer
IceCv:    ice_cave_small_dragons

Skill      XL: |  1  2  3  4  5  6  7  8  9 10 11 12 13 14 15 16 17 18 19 20 21 |
---------------+----------------------------------------------------------------+-----
Axes           | 4 5 6 7 8 9 10 12 13 14 15 16 18 | 18.3
Fighting       | 3 4 5 6 8 9 10 11 12 13 14 15 17 18 | 18.3
Armour         | 1 3 5 7 9 10 11 12 13 14 | 14.3
Dodging        | 5 7 8 9 11 12 | 12.0
Invocations    | 3 5 7 10 12 | 12.6
Evocations     | 2 5 7 8 9 11 | 11.0
Shields        | 7 10 11 12 15 | 15.9
Translocations | 8 9 |  9.0
Stealth        | 11 15 17 | 17.4
Spellcasting   | 3 6 |  6.0
Charms         | 2 |  2.5

Action                   |  1- 3 |  4- 6 |  7- 9 | 10-12 | 13-15 | 16-18 | 19-21 || total
-------------------------+-------+-------+-------+-------+-------+-------+-------++-------
Melee: Hand axe          |    84 |   336 |   145 |       |       |       |       ||   565
       War axe           |       |       |   229 |   697 |   950 |   112 |       ||  1988
       Dire flail        |       |       |       |       |     2 |       |       ||     2
       Broad axe         |       |       |       |       |       |  1241 |  1030 ||  2271
Throw: Throwing net      |       |       |       |       |       |       |     7 ||     7
Invok: Minor Destruction |       |       |       |     4 |       |       |       ||     4
       Lesser Servant of |       |       |       |       |     9 |    14 |       ||    23
       Greater Servant o |       |       |       |       |     1 |       |       ||     1
 Abil: Heal Wounds       |       |     8 |    15 |    17 |     4 |     7 |     3 ||    54
Evoke: Wand              |       |       |       |     4 |     8 |       |       ||    12
       Sack of spiders   |       |       |       |       |       |     2 |       ||     2
       Lamp of fire      |       |       |       |       |       |       |     1 ||     1
  Use: Scroll            |       |       |     7 |    16 |    15 |    13 |     6 ||    57
       Potion            |       |       |       |     7 |     2 |     4 |     2 ||    15
 Stab: Sleeping          |     3 |     5 |     3 |       |       |     1 |     5 ||    17
       Distracted        |       |       |       |       |     7 |    13 |     1 ||    21
       Confused          |       |       |       |       |     1 |       |       ||     1
       Held in net/web   |       |       |       |       |       |       |     7 ||     7
  Eat: Chunk             |       |     2 |    12 |    12 |    15 |    18 |     8 ||    67
       Royal jelly       |       |     1 |       |       |       |       |       ||     1
       Fruit             |       |       |       |       |       |       |     1 ||     1
Armor: Robe              |     9 |       |       |       |       |       |       ||     9
       Ring mail         |    22 |    88 |    97 |    53 |       |       |       ||   260
       Scale mail        |       |       |       |   132 |       |       |       ||   132
       Skin              |       |       |       |    17 |       |       |       ||    17
       Plate armour      |       |       |       |    12 |   335 |   429 |   376 ||  1152
Dodge: Dodged            |    71 |   166 |   211 |   362 |   404 |   637 |   507 ||  2358
Block: Shield            |       |       |       |    22 |   486 |   982 |   590 ||  2080
       Reflection        |       |       |       |       |       |    28 |    47 ||    75
